 Dungeon Crawl Stone Soup version 0.30-a0-840-ga523dec638 (webtiles) character file.

Game seed: 6335887512682320059

384 jimonade the Cudgeller (level 7, -3/49 HPs)
             Began as a Djinni Warper on Mar 2, 2023.
             Frozen to death by an endoplasm (7 damage)
             ... on level 3 of the Dungeon.
             The game lasted 00:06:38 (3562 turns).

jimonade the Cudgeller (Djinni Warper)              Turns: 3562, Time: 00:06:38

Health: -3/49      AC:  4    Str: 12    XL:     7   Next: 6%
Gold:   208        EV: 12    Int: 15    God:
                   SH:  5    Dex: 12

rFire   + + .      SeeInvis +    a - +0 mace
rCold   x . .      Faith    .    (no shield)
rNeg    . . .      Spirit   .    b - +0 leather armour
rPois   ∞          Reflect  +    u - +0 helmet
rElec   .          Harm     .    (no cloak)
rCorr   .          Rampage  .    (no gloves)
Will    .....                    (boots unavailable)
Stlth   +                        m - amulet of reflection
HPRegen 0.28/turn                n - ring of see invisible
MPRegen 0.00/turn                (no ring)

@: flying
A: sickness immunity, fire resistance 2, cold vulnerability 1, float, innate
caster, HP casting, extra vitality 1
a: no special abilities


You were on level 3 of the Dungeon.
You visited 1 branch of the dungeon, and saw 4 of its levels.

You collected 208 gold pieces.

Inventory:

Hand Weapons
 a - a +0 mace (weapon)
Missiles
 d - 7 boomerangs of dispersal
 e - 6 boomerangs
 k - 43 stones
 q - 2 atropa-tipped darts
Armour
 b - a +0 leather armour (worn)
 u - a +0 helmet (worn)
 v - a +0 chain mail
Magical Staves
 h - a staff of poison
Jewellery
 m - an amulet of reflection (around neck)
 n - a ring of see invisible (left hand)
Wands
 r - a wand of digging (2)
Scrolls
 c - a scroll of blinking
 f - a scroll of summoning {unknown}
 g - 5 scrolls of identify {unknown}
 j - a scroll of brand weapon {unknown}
 p - 2 scrolls of enchant armour {unknown}
Potions
 i - a potion of heal wounds {unknown}
 l - 2 potions of curing {unknown}
 o - a potion of mutation {unknown}
 s - 2 potions of haste {unknown}
 t - a potion of invisibility {unknown}


   Skills:
 + Level 2.8 Fighting
 + Level 3.7 Maces & Flails
 + Level 0.7 Throwing
 + Level 2.2 Armour
 + Level 3.3 Dodging
 + Level 0.6 Shields
 * Level 3.5 Spellcasting


You knew the following spells:

 Your Spells              Type           Power      Damage    Failure   Level
a - Blink                 Tloc           26%        N/A       9%          2
b - Lesser Beckoning      Tloc           26%        N/A       9%          2
c - Vhi's Electric Charg  Tloc/Air       26%        N/A       17%         3
d - Teleport Other        Tloc           13%        N/A       17%         3
e - Manifold Assault      Tloc           13%        N/A       50%         4
f - Sandblast             Erth           26%        2d8       5%          1
g - Static Discharge      Conj/Air       26%        2-4/arc   9%          2
h - Gell's Gravitas       Tloc           13%        N/A       17%         3
Your spell library was empty.

Dungeon Overview and Level Annotations

Branches:
Dungeon (4/15)
 Temple: D:4-7

Altars:


Innate Abilities, Weirdness & Mutations

You are immune to sickness and miasma.
You are immune to poison.
Your flesh is very heat resistant. (rF++)
You are vulnerable to cold. (rC-)
You float through the air rather than walking.
You learn spells naturally, not from books.
Your magical power is your life essence.
You have superior vitality. (+4 MHP)


Message History

* * * LOW HITPOINT WARNING * * *
You closely miss the hound.
The hound is severely wounded.
The hound misses you. The hound bites you.
* * * LOW HITPOINT WARNING * * *
You hit the hound.
You kill the hound!
The jackal bites you but does no damage.
You have reached level 7!
The power to cast Gell's Gravitas wells up from within.
Spell assigned to 'h'.
Unknown command.
Unknown command.
Unknown command.
You hit the jackal.
The jackal is almost dead.
The jackal barely misses you.
You closely miss the jackal.
The jackal is almost dead.
The jackal completely misses you. You block the jackal's attack.
You hit the jackal.
You kill the jackal!
You closely miss the orc. The orc hits you with a +0 club.
* * * LOW HITPOINT WARNING * * *
The orc hits you with a +0 club.
* * * LOW HITPOINT WARNING * * *
You hit the orc but do no damage. The orc completely misses you.
You hit the orc but do no damage. The orc hits you but does no damage.
You hit the orc.
The orc is severely wounded.
The orc closely misses you.
You hit the orc.
The orc is almost dead.
The orc completely misses you.
You hit the orc.
You kill the orc!
The endoplasm jiggles.
The endoplasm freezes you.
You are frozen!
You feel a terrible chill!
You die...

### ##### ###
#.#######.#<#####.#
#.[)......#[#.....#
#.###.....#.#.###.# #.#
#.##....#@# #.# #.#
#.##..)##J# #.# #.#
#.##...##.###.#
#.###.##...#......# ####
#.##...#...#......## #...
#.##...#...#.......######
#...
#.##...#..)##.#.#..#....#
#...
#.##...#...##.#)#..#....#
#...
#.##...#...##.#.#..#....#
#...


You could see an endoplasm.

Vanquished Creatures
  Sigmund (D:2)
  A hound (D:3)
  An orc priest (D:3)
  An orc wizard (D:3)
  Robin (D:3)
  An adder (D:2)
  2 worms (D:2)
  A dart slug (D:1)
  4 orcs (D:3)
  6 bats
  11 endoplasms
  2 giant cockroaches (D:2)
  15 goblins
  14 hobgoblins
  4 jackals (D:3)
  6 kobolds
  5 quokkas
  7 ball pythons
  2 frilled lizards (D:2)
  7 rats
92 creatures vanquished.

Notes
Turn   | Place    | Note
-------+----------+-------------------------------------------
     0 | D:1      | jimonade the Djinni Warper began the quest for the Orb.
     0 | D:1      | jimonade set off with the following spells memorised:
                  | Blink, Lesser Beckoning, Vhi's Electric Charge, Teleport
                  | Other, Manifold Assault.
     0 | D:1      | Reached XP level 1. HP: 18/18 MP: 0/0
   147 | D:1      | Reached XP level 2. HP: 16/23 MP: 0/0
   504 | D:1      | Reached XP level 3. HP: 28/28 MP: 0/0
   504 | D:1      | Learned a level 1 spell: Sandblast
  1338 | D:2      | Reached XP level 4. HP: 31/34 MP: 0/0
  1957 | D:2      | Noticed Sigmund
  1968 | D:2      | Killed Sigmund
  1969 | D:2      | Reached XP level 5. HP: 12/39 MP: 0/0
  1969 | D:2      | Learned a level 2 spell: Static Discharge
  1969 | D:2      | Reached XP level 6. HP: 14/45 MP: 0/0
  2217 | D:3      | Noticed Robin
  2250 | D:3      | Killed Robin
  3554 | D:3      | Reached XP level 7. HP: 4/49 MP: 0/0
  3554 | D:3      | Learned a level 3 spell: Gell's Gravitas
  3557 | D:3      | HP: 2/49 [orc/+0 club (2)]
  3562 | D:3      | Frozen to death by an endoplasm

Illustrated notes

Levels and vault maps discovered:
D:1:      dpeg_arrival_triangle_fractal, layout_loops_ring, st_stairs_7
D:2:      layout_rooms, minmay_misc_feat_x, serial_park_tiny_2,
          minmay_misc_feat_more_columns, minmay_diced_spiral, uniq_sigmund
D:3:      cheibrodos_greedy_goblins, layout_basic, uniq_robin
D:4:      layout_cave_pools, grunt_ministairs_9, uniq_edmund, uniq_ijyb

Skill      XL: |  1  2  3  4 |
---------------+-------------+-----
Maces & Flails | 2 3 |  3.7
Dodging        | 3 |  3.3
Armour         | 2 |  2.2
Spellcasting   | 3 |  3.5
Fighting       | |  2.8
Throwing       | |  0.7
Shields        | |  0.6

Action                     |  1- 3 |  4- 6 |  7- 9 || total
---------------------------+-------+-------+-------++-------
  Melee: Mace              |   125 |   198 |     9 ||   332
         Punch             |     1 |     2 |       ||     3
   Cast: Sandblast         |       |    15 |       ||    15
 Armour: Leather armour    |    31 |    46 |     1 ||    78
  Dodge: Dodged            |    89 |   128 |     5 ||   222
  Block: Other             |     1 |    52 |     1 ||    54
         Reflection        |       |     1 |       ||     1

Table legend: (Time is in decaauts)
 A = Elapsed time spent in this place.
 B = Non-inter-level travel time spent in this place.
 C = Inter-level travel time spent in this place.
 D = Time resting spent in this place.
 E = Time spent auto-exploring this place.
 F = Levels seen in this place.
 G = Mean time per level.
                   A        B        C        D        E       F      G
               +--------+--------+--------+--------+--------+-----+--------+
         Total |   3664 |   3558 |    106 |    177 |   2387 |   4 |  916.0 |
       Dungeon |   3664 |   3558 |    106 |    177 |   2387 |   4 |  916.0 |
               +--------+--------+--------+--------+--------+-----+--------+

Top non-repeatable levels by time:
     D:3: 1352 daAuts
     D:2: 1161 daAuts
     D:1: 1134 daAuts
     D:4: 16 daAuts
